 Dungeon Crawl Stone Soup version 0.29.0-4-gdea44cf6ec (webtiles) character file.

Game seed: 8303938453712384681

682 qw the Grappler (level 7, -2/67 HPs)
             Began as a Troll Cinder Acolyte on Sept 1, 2022.
             Was a High Priest of Ignis.
             Slain by a gnoll
             ... wielding a +0 spear
             ... led by a gnoll bouda
              (4 damage)
             ... on level 5 of the Dungeon.
             The game lasted 00:01:46 (3505 turns).

qw the Grappler (Troll Cinder Acolyte)              Turns: 3505, Time: 00:01:46

Health: -2/67      AC: 11    Str: 25    XL:     7   Next: 34%
Magic:  7/7        EV:  9    Int: 10    God:    Ignis [*****.]
Gold:   122        SH:  0    Dex:  5    Spells: 8/8 levels left

rFire   + + .      SeeInvis .     - Unarmed
rCold   . . .      Faith    .   (no shield)
rNeg    . . .      Spirit   .   a - +0 robe
rPois   .          Reflect  .   (helmet restricted)
rElec   .          Harm     .   (no cloak)
rCorr   .          Rampage  .   (gloves unavailable)
Will    .....                   (boots unavailable)
Stlth   +.........              (no amulet)
HPRegen 1.01/turn               j - ring of protection from fire
MPRegen 0.10/turn               (no ring)

@: about to teleport, weakened, fiery-armoured
A: large, unfitting armour, claws 3, regeneration 1, shaggy fur 1, tough skin 1
a: Renounce Religion, Fiery Armour, Foxfire Swarm, Rising Flame


You were on level 5 of the Dungeon.
You worshipped Ignis.
Ignis was extremely pleased with you.
You visited 1 branch of the dungeon, and saw 5 of its levels.

You collected 152 gold pieces.
You spent 30 gold pieces at shops.


Innate Abilities, Weirdness & Mutations

You are too large for most types of armour.
You have claws for hands.
Your natural rate of healing is unusually fast.
You are covered in fur. (AC +1)
You have tough skin. (AC +1)


   Skills:
 - Level 3.1 Fighting
 + Level 8.3 Unarmed Combat
 - Level 1.0 Spellcasting
 - Level 2.1 Fire Magic


You had 8 spell levels left.
You didn't know any spells.
Your spell library contained the following spells:

 Spells                   Type           Power      Damage    Failure   Level
 Scorch                   Fire           8%         2d5       22%         2

Inventory:

Armour
 a - a +0 robe (worn)
Jewellery
 g - a ring of fire
 j - a ring of protection from fire (left claw)
 l - an amulet of guardian spirit
Scrolls
 d - 5 scrolls of teleportation
 e - 2 scrolls of enchant weapon
 f - a scroll of identify
 m - a scroll of noise {unknown}
Potions
 b - a potion of curing
 c - a potion of brilliance {unknown}
 h - a potion of cancellation
 i - a potion of heal wounds {unknown}
 k - a potion of might {unknown}

Dungeon Overview and Level Annotations

Branches:
Dungeon (5/15)             Temple (0/1) D:5

Altars:

Shops:
D:4 *

Annotations:
D:3 2 transporters, qw's ghost, amateur TrCA


Message History

The hound is severely wounded.
The hound barely misses you.
The gnoll bouda gazes fiercely through you!
You feel as though you will be weak longer.
The gnoll bouda barely misses you.
The gnoll hits you from afar with a +0 spear.
You claw the hound!
You kill the hound!
The gnoll hits you with a +0 flail! The gnoll bouda barely misses you.
The gnoll hits you from afar with a +0 spear.
You scratch the gnoll bouda.
The gnoll bouda is lightly wounded.
The gnoll hits you with a +0 flail! The gnoll hits you with a +0 flail.
The gnoll bouda hits you with a +0 whip!
The gnoll misses you.
3503 ||| READING 6 scrolls of teleportation.
As you read the scroll of teleportation, it crumbles to dust.
You feel strangely unstable. The gnoll hits you with a +0 flail!
The gnoll closely misses you. The gnoll bouda barely misses you.
The gnoll hits you but does no damage.
3504 ||| INVOKING Fiery Armour.
A protective cloak of flame settles atop you.
The gnoll hits you with a +0 flail.
The gnoll is burned by your cloak of flames.
The gnoll is moderately wounded.
The gnoll bouda misses you.
The gnoll hits you from afar with a +0 spear.
The gnoll hits you but does no damage.
The gnoll is burned by your cloak of flames.
The gnoll is moderately wounded.
You completely miss the gnoll.
The gnoll is moderately wounded.
The gnoll bouda hits you but does no damage.
The gnoll bouda is burned by your cloak of flames.
The gnoll bouda is moderately wounded.
The gnoll hits you with a +0 flail.
The gnoll is burned by your cloak of flames.
The gnoll is heavily wounded.
The gnoll hits you from afar with a +0 spear.
You die...

## ..# .$ 8.# ##+# .#
..####...## .#
8...#.....## g# #
..#..>.....## ##g#.#
###.........####@g..###.
..+........)'.).g.......
###.........####....####
#.....<.## ##.#.#
##.....## ##.# ##...## .
# ##'## # # #.# # #.#


You could see a gnoll bouda and 3 gnolls.

Vanquished Creatures
  Menkaure (D:4)
  A black bear (D:5)
  A phantom (D:4)
  A scorpion (D:3)
  2 hounds
  Jessica (D:2)
  Ijyb (D:4)
  2 iguanas (D:4)
  2 orc wizards (D:4)
  2 gnolls (D:5)
  An adder (D:4)
  A white imp (D:5)
  An ufetubus (D:4)
  2 worms
  A dart slug (D:1)
  4 orcs
  2 endoplasms
  3 giant cockroaches
  4 goblins
  9 hobgoblins
  5 jackals (D:3)
  2 quokkas (D:3)
  8 ball pythons
  4 bats
  3 frilled lizards
  4 kobolds
  14 rats
82 creatures vanquished.

Notes
Turn   | Place    | Note
-------+----------+-------------------------------------------
     0 | D:1      | qw the Troll Cinder Acolyte began the quest for the Orb.
     0 | D:1      | Reached XP level 1. HP: 22/22 MP: 1/1
     0 | D:1      | 0 ||| qw: Version: 0.1-a-97-g2dd2ca4
     0 | D:1      | 0 ||| qw: Game counter: 4702
     0 | D:1      | 0 ||| qw: Always use a shield: true
     0 | D:1      | 0 ||| qw: God list: Okawaru
     0 | D:1      | 0 ||| qw: Allow faded altars: false
     0 | D:1      | 0 ||| qw: Do Orc after D:15 true
     0 | D:1      | 0 ||| qw: Do second Lair branch before Depths: true
     0 | D:1      | 0 ||| qw: Lair rune preference: random
     0 | D:1      | 0 ||| qw: Plans: Normal
     0 | D:1      | 0 ||| PLANNING D:1-11
   442 | D:1      | 442 ||| Stepping ~*~*~tactically~*~*~ (outnumbered).
   443 | D:1      | 443 ||| Stepping ~*~*~tactically~*~*~ (outnumbered).
   449 | D:1      | Reached XP level 2. HP: 29/29 MP: 2/2
   454 | D:1      | 454 ||| Stepping ~*~*~tactically~*~*~ (stealth).
   900 | D:1      | 900 ||| READING scroll labelled FOYROF WAOCS.
   901 | D:1      | 901 ||| READING 3 scrolls labelled BIGASK ROWYMETE.
  1021 | D:2      | Reached skill level 4 in Unarmed Combat
  1356 | D:2      | Noticed Jessica
  1364 | D:2      | Killed Jessica
  1365 | D:2      | Reached XP level 3. HP: 20/36 MP: 3/3
  1495 | D:2      | Found a faded altar of an unknown god.
  1540 | D:2      | 1540 ||| READING scroll labelled KOEM KOLISS.
  1641 | D:2      | 1641 ||| READING scroll labelled AFFUKHL SETI.
  1642 | D:2      | 1642 ||| READING scroll labelled VIOVAC ACRAU.
  1643 | D:2      | 1643 ||| READING scroll labelled CIQISS ODASOU.
  1644 | D:2      | 1644 ||| READING scroll labelled JULOTO IFURR.
  1842 | D:3      | Noticed a scorpion
  1843 | D:3      | 1843 ||| Stepping ~*~*~tactically~*~*~ (stealth).
  1849 | D:3      | 1849 ||| Stepping ~*~*~tactically~*~*~ (stealth).
  1855 | D:3      | 1855 ||| INVOKING Fiery Armour.
  1856 | D:3      | Killed a scorpion
  1857 | D:3      | Reached skill level 5 in Unarmed Combat
  1857 | D:3      | Reached XP level 4. HP: 17/44 MP: 4/4
  1872 | D:3      | 1872 ||| Stepping ~*~*~tactically~*~*~ (stealth).
  1891 | D:3      | 1891 ||| FLEEEEING.
  1892 | D:3      | 1892 ||| FLEEEEING.
  1893 | D:3      | 1893 ||| FLEEEEING.
  2009 | D:3      | Found a transporter.
  2009 | D:3      | Noticed qw's ghost (amateur TrCA)
  2039 | D:3      | Reached XP level 5. HP: 50/50 MP: 5/5
  2128 | D:3      | Found a transporter.
  2577 | D:3      | 2577 ||| DRINKING 2 bubbling ruby potions.
  2578 | D:3      | 2578 ||| DRINKING 2 ruby potions.
  2579 | D:3      | 2579 ||| DROPPING potion of flight.
  2614 | D:4      | Reached skill level 6 in Unarmed Combat
  2628 | D:4      | Noticed a phantom
  2642 | D:4      | 2642 ||| INVOKING Fiery Armour.
  2643 | D:4      | Killed a phantom
  2683 | D:4      | Noticed Menkaure
  2684 | D:4      | 2684 ||| Stepping ~*~*~tactically~*~*~ (hiding).
  2688 | D:4      | Killed Menkaure
  2689 | D:4      | Reached skill level 7 in Unarmed Combat
  2689 | D:4      | Reached XP level 6. HP: 44/59 MP: 6/6
  2705 | D:4      | Found Hiytsili's General Store.
  2712 | D:4      | 2712 ||| BUYING scroll of teleportation (30 gold).
  2712 | D:4      | Bought a scroll of teleportation for 30 gold pieces
  2712 | D:4      | 2712 ||| SHOPLISTING wand of digging (5) (210 gold, have
                  | 62).
  2773 | D:4      | Noticed Ijyb
  2774 | D:4      | 2774 ||| Stepping ~*~*~tactically~*~*~ (hiding).
  2777 | D:4      | 2777 ||| Stepping ~*~*~tactically~*~*~ (hiding).
  2788 | D:4      | Killed Ijyb
  2842 | D:4      | 2842 ||| Stepping ~*~*~tactically~*~*~ (stealth).
  2844 | D:4      | 2844 ||| Stepping ~*~*~tactically~*~*~ (stealth).
  3212 | D:4      | Reached skill level 8 in Unarmed Combat
  3212 | D:4      | Reached XP level 7. HP: 66/66 MP: 7/7
  3228 | D:4      | 3228 ||| UPGRADING to ring of protection from fire.
  3229 | D:4      | 3229 ||| READING 2 scrolls of identify.
  3229 | D:4      | 3229 ||| IDENTIFYING bubbling blue potion
  3248 | D:5      | Entered Level 5 of the Dungeon
  3255 | D:5      | Reached skill level 3 in Fighting
  3277 | D:5      | 3277 ||| Stepping ~*~*~tactically~*~*~ (outnumbered).
  3418 | D:5      | Found a staircase to the Ecumenical Temple.
  3487 | D:5      | 3487 ||| Stepping ~*~*~tactically~*~*~ (hiding).
  3502 | D:5      | HP: 15/67 [gnoll bouda/+0 whip (8)]
  3503 | D:5      | 3503 ||| READING 6 scrolls of teleportation.
  3504 | D:5      | 3504 ||| INVOKING Fiery Armour.
  3504 | D:5      | HP: 3/67 [gnoll/+0 spear[a gnoll bouda] (5)]
  3505 | D:5      | Slain by a gnoll

Levels and vault maps discovered:
D:1:      psy_arrival_radial02, layout_basic, grunt_decor_arrowhead
D:2:      layout_loops_ring, dreamdust_ecumenical_altar_hidden_monk_grotto,
          uniq_jessica
D:3:      minmay_diamond_boxcup, layout_basic, gammafunk_ghost_stat_death
D:4:      layout_gridville, serial_shops, nicolae_shop_statue_plus,
          minmay_a_box_with_orc_wizards_in_it, uniq_ijyb, uniq_menkaure
D:5:      layout_loops_corners, amcnicky_altar_gilded,
          minmay_temple_entry_drinking_statues

Skill      XL: |  1  2  3  4  5  6  7 |
---------------+----------------------+-----
Unarmed Combat | 4 5 7 8 |  8.3
Fighting       | 3 |  3.1
Spellcasting   | |  1.0
Fire Magic     | |  2.1

Action                   |  1- 3 |  4- 6 |  7- 9 || total
-------------------------+-------+-------+-------++-------
Melee: Unarmed           |    92 |   110 |    25 ||   227
       Punch             |     2 |     2 |       ||     4
Invok: Fiery Armour      |     1 |     1 |     1 ||     3
  Use: Scroll            |     7 |       |     2 ||     9
       Potion            |       |     2 |       ||     2
Armor: Robe              |    29 |    49 |     8 ||    86
Dodge: Dodged            |    27 |    49 |     9 ||    85

Table legend:
 A = Non-vault XP
 B = Vault XP
 C = Vault XP percentage of total XP
 D = Non-vault monster count
 E = Vault monster count
 F = Vault count percentage of total count
                 A         B        C        D         E       F
            +---------+---------+-------+---------+---------+-------
      Total |     559 |     416 |  42.7 |      67 |      15 |  18.3
            +---------+---------+-------+---------+---------+-------
        D:1 |      24 |       0 |   0.0 |      16 |       0 |   0.0
        D:2 |      17 |      37 |  68.5 |      12 |       1 |   7.7
        D:3 |      38 |     100 |  72.5 |      20 |      10 |  33.3
        D:4 |     252 |     279 |  52.5 |      10 |       4 |  28.6
        D:5 |     228 |       0 |   0.0 |       9 |       0 |   0.0
            +---------+---------+-------+---------+---------+-------
